 Dungeon Crawl Stone Soup version 0.21-a0-78-g82a99e0 (webtiles) character file.

677 HAL9000 the Cutter (level 7, 0/34 HPs)
             Began as a Vine Stalker Assassin on June 21, 2017.
             Slain by a centaur
             ... wielding a +0 mace
              (6 damage)
             ... on level 5 of the Dungeon.
             The game lasted 00:13:03 (4347 turns).

HAL9000 the Cutter (Vine Stalker Assassin)          Turns: 4347, Time: 00:13:03

Health: 0/34       AC:  7    Str: 15    XL:     7   Next: 60%
Magic:  0/8        EV: 11    Int: 11    God:
Gold:   236        SH:  0    Dex: 16    Spells: 6/6 levels left

rFire    + . .     SeeInvis .   a - +2 dagger
rCold    x . .     Gourm    +   (no shield)
rNeg     . . .     Faith    .   I - +0 leather armour {MR+}
rPois    .         Spirit   +   A - +0 helmet
rElec    .         Reflect  .   p - +1 cloak
rCorr    +         Harm     .   z - +0 pair of gloves (curse)
MR       +....                  (no boots)
Stlth    +++.......             h - amulet of the gourmand
HPRegen  0.51/turn              i - ring of resist corrosion
MPRegen  0.11/turn              J - ring of fire

@: no status effects
A: fangs 2, regeneration 1, magic shield, antimagic bite, no potion heal 3, rot
immunity
a: no special abilities


You were on level 5 of the Dungeon.
You were very full.

You visited 1 branch of the dungeon, and saw 5 of its levels.

You collected 236 gold pieces.

Inventory:

Hand Weapons
 a - a +2 dagger (weapon)
 b - a +0 blowgun
Missiles
 e - 5 poisoned needles
 f - a curare-tipped needle
 q - 2 throwing nets (quivered)
Armour
 n - a +0 shield
 p - a +1 cloak (worn)
 z - a cursed +0 pair of gloves (worn)
 A - a +0 helmet (worn)
 I - a +0 leather armour of magic resistance (worn)
Jewellery
 h - an amulet of the gourmand (around neck)
 i - a ring of resist corrosion (left hand)
 y - an uncursed ring of wizardry
 J - a ring of fire (right hand)
Scrolls
 m - a scroll of remove curse {unknown}
 r - a scroll of amnesia {unknown}
 s - 2 scrolls of identify {unknown}
 v - a scroll of enchant armour {unknown}
 E - a scroll of teleportation {unknown}
Potions
 k - a potion of invisibility {unknown}
 l - 4 potions of curing {unknown}
 o - 2 potions of might
 u - a potion of brilliance {unknown}
 w - a potion of berserk rage {unknown}
 x - a potion of resistance {unknown}
 C - a potion of heal wounds {unknown}
 G - a potion of haste {unknown}
Books
 F - a book of Necromancy

   Spells                             Type                      Level
   a - Pain                           Necromancy                   1
   b - Animate Skeleton               Necromancy                   1
   c - Vampiric Draining              Necromancy                   3
   d - Regeneration                   Charms/Necromancy            3
   e - Animate Dead                   Necromancy                   4
   f - Control Undead                 Necromancy                   4
 H - a book of Minor Magic

   Spells                             Type                      Level
   a - Magic Dart                     Conjuration                  1
   b - Blink                          Translocation                2
   c - Call Imp                       Summoning                    2
   d - Slow                           Hexes                        2
   e - Conjure Flame                  Conjuration/Fire             3
   f - Mephitic Cloud                 Conjuration/Poison/Air       3
Comestibles
 g - 4 bread rations
 j - a royal jelly
 t - 3 meat rations


   Skills:
 - Level 1.7 Fighting
 + Level 7.6 Short Blades
 - Level 1.7 Throwing
 - Level 0.7 Dodging
 - Level 4.8 Stealth


You had 6 spell levels left.
You didn't know any spells.

Dungeon Overview and Level Annotations

Branches:
Dungeon (5/15)
 Temple: D:4-7

Altars:
Gozag
Xom


Innate Abilities, Weirdness & Mutations

You have extremely sharp teeth.
Your natural rate of healing is unusually fast.
When hurt, damage is shared between your health and your magic reserves.
Your bite disrupts and absorbs the magic of your enemies.
Potions cannot restore your health.
You are immune to rotting.


Message History

You see here 3 arrows.
You are too injured to fight recklessly!
You are too injured to fight recklessly!
You are too injured to fight recklessly!
You are too injured to fight recklessly!
The centaur shoots an arrow.
The arrow hits you!
* * * LOW HITPOINT WARNING * * *
You see here an arrow.
The centaur unwields an uncursed shortbow.
The centaur wields an uncursed mace.
The centaur hits you with an uncursed mace.
* * * LOW HITPOINT WARNING * * *
You hit the centaur. Your bite misses the centaur.
The centaur is moderately wounded.
The centaur hits you with an uncursed mace.
* * * LOW HITPOINT WARNING * * *
You closely miss the centaur. Your bite misses the centaur.
The centaur is moderately wounded.
The centaur hits you with an uncursed mace!
You die...

##.........# #.#........#
#.######.######.#........#
#.#.............#....)...#
# #.............#........#
#...........<.#........#
...............#.......##
...............#.......#
.............c.#.......#
######
..########.#.#@#.......#
#..... #...#(#.......#
#.#### #######..#(#.......#
#.#...
.........#(#.......###.#.##
.......#.#)#.......#.......
..(....#...#.###.#.#.######
.......#...#.#.............
.......#..>#.#.#.#.#.######
.........#.#.#.#.#.#.#


You could see a centaur.

Vanquished Creatures
  A sky beast (D:3)
  A bullfrog (D:3)
  2 howler monkeys (D:5)
  2 crimson imps (D:5)
  A bullfrog skeleton (D:5)
  An orc priest (D:3)
  A hound zombie (D:5)
  A hound skeleton (D:5)
  9 adders
  7 gnolls
  A shadow imp (D:5)
  An adder skeleton (D:5)
  7 worms
  A dart slug (D:1)
  3 leopard geckos
  13 orcs
  4 bats
  8 giant cockroaches
  12 hobgoblins
  12 kobolds
  A quokka (D:5)
  4 frilled lizards
  8 goblins
  10 rats
111 creatures vanquished.

Notes
Turn   | Place    | Note
-------+----------+-------------------------------------------
     0 | D:1      | HAL9000 the Vine Stalker Assassin began the quest for the Orb.
     0 | D:1      | Reached XP level 1. HP: 11/11 MP: 2/2
    33 | D:1      | Reached skill level 2 in Short Blades
   137 | D:1      | Reached XP level 2. HP: 12/15 MP: 3/3
   433 | D:1      | Reached skill level 3 in Short Blades
   510 | D:1      | Reached XP level 3. HP: 17/18 MP: 4/4
  1269 | D:2      | Gained mutation: Your natural rate of healing is unusually fast. [Vine Stalker growth]
  1269 | D:2      | Reached XP level 4. HP: 22/23 MP: 5/5
  1437 | D:2      | Found a shimmering altar of Xom.
  1693 | D:2      | Reached skill level 4 in Short Blades
  2087 | D:2      | Reached XP level 5. HP: 16/26 MP: 3/6
  2340 | D:3      | Reached skill level 5 in Short Blades
  2496 | D:3      | Found an opulent altar of Gozag.
  2575 | D:3      | Reached XP level 6. HP: 30/30 MP: 7/7
  2740 | D:3      | Noticed a sky beast
  2773 | D:3      | Killed a sky beast
  2773 | D:3      | Reached skill level 6 in Short Blades
  3731 | D:3      | Reached XP level 7. HP: 29/34 MP: 8/8
  3930 | D:4      | You fall through a shaft!
  3930 | D:5      | Entered Level 5 of the Dungeon
  4165 | D:5      | Reached skill level 7 in Short Blades
  4347 | D:5      | Slain by a centaur

Vault maps used:
D:1:      nicolae_arrival_washed_ashore
D:2:      xom_teletrap_fun
D:3:      overflow_temple_1_default, first_bread
D:4:      okawaru_gym_becter, nicolae_overflow_hidden_temple
D:5:      minitemple

Skill      XL: |  1  2  3  4  5  6  7 |
---------------+----------------------+-----
Short Blades   | 2 3 4 5 6 7 |  7.6
Fighting       | |  1.7
Throwing       | |  1.7
Dodging        | |  0.7
Stealth        | |  4.8

Action                   |  1- 3 |  4- 6 |  7- 9 || total
-------------------------+-------+-------+-------++-------
Melee: Dagger            |    87 |   223 |    95 ||   405
       Bite              |    21 |    64 |    39 ||   124
 Fire: Blowgun           |       |    12 |     6 ||    18
 Stab: Sleeping          |     7 |    10 |     1 ||    18
       Distracted        |     1 |     1 |       ||     2
  Eat: Chunk             |     8 |     9 |     1 ||    18
Armor: Robe              |    14 |    45 |       ||    59
       Leather armour    |       |     1 |    18 ||    19
Dodge: Dodged            |    33 |    71 |    34 ||   138
